 Dungeon Crawl Stone Soup version 0.28-a0-1638-g9123634e07 (webtiles) character file.

Game seed: 2269847464240041858

50 siradein the Magician (level 3, -3/19 HPs)
             Began as a Deep Elf Hedge Wizard on Jan 26, 2022.
             Slain by a kobold (4 damage)
             ... on level 2 of the Dungeon.
             The game lasted 00:02:11 (1645 turns).

siradein the Magician (Deep Elf Hedge Wizard)       Turns: 1645, Time: 00:02:11

Health: -3/19      AC:  2    Str:  7    XL:     3   Next: 55%
Magic:  1/11       EV: 12    Int: 20    God:
Gold:   20         SH:  0    Dex: 14    Spells: 7/12 levels left

rFire   . . .      SeeInvis .   a - +0 dagger
rCold   . . .      Faith    .   (no shield)
rNeg    . . .      Spirit   .   b - +0 robe
rPois   .          Reflect  .   c - +0 hat
rElec   .          Harm     .   (no cloak)
rCorr   .          Rampage  .   (no gloves)
Will    .....                   (no boots)
Stlth   ++........              (no amulet)
HPRegen 0.06/turn               (no ring)
MPRegen 0.12/turn               (no ring)

@: no status effects
A: no striking features
a: no special abilities


You were on level 2 of the Dungeon.
You visited 1 branch of the dungeon, and saw 2 of its levels.

You collected 20 gold pieces.

Inventory:

Hand Weapons
 a - a +0 dagger (weapon)
Armour
 b - a +0 robe (worn)
 c - a +0 hat (worn)
Scrolls
 f - 2 scrolls of identify {unknown}
 g - a scroll of teleportation {unknown}
 h - a scroll of blinking {unknown}
Potions
 d - a potion of ambrosia {unknown}
 e - 2 potions of curing {unknown}
 i - a potion of berserk rage {unknown}
 j - 3 potions of flight {unknown}


   Skills:
 - Level 2.4 Dodging
 - Level 2.4 Stealth
 + Level 5.0 Spellcasting
 + Level 2.1 Conjurations
 + Level 2.1 Summonings
 + Level 2.1 Translocations


You had 7 spell levels left.
You knew the following spells:

 Your Spells              Type           Power      Damage    Failure   Level
a - Magic Dart            Conj           52%        1d5       4%          1
b - Call Imp              Summ           13%        N/A       8%          2
c - Blink                 Tloc           26%        N/A       8%          2

Your spell library contained the following spells:

 Spells                   Type           Power      Damage    Failure   Level
 Slow                     Hex            20%        N/A       12%         1
 Conjure Flame            Conj/Fire      9%         6-21      22%         3
 Mephitic Cloud           Conj/Pois/Air  7%         N/A       26%         3


Dungeon Overview and Level Annotations

Branches:
Dungeon (2/15)

Altars:


Message History

The endoplasm hits you but does no damage.
The magic dart hits the endoplasm.
You kill the endoplasm!
The magic dart hits the adder.
The adder is moderately wounded.
The adder closely misses you.
The magic dart hits the adder.
The adder is moderately wounded.
The adder bites you.
You are poisoned.
The adder poisons you!
The magic dart hits the adder.
The adder is heavily wounded.
You feel sick. The adder bites you.
The magic dart hits the adder.
The adder is severely wounded.
You feel sick. The adder bites you. x2
* * * LOW HITPOINT WARNING * * *
You are too injured to fight recklessly!
Casting: Magic Dart (safe; 4% risk of failure)
Confirm with . or Enter, or press ? or * to list all spells.
Aiming: Magic Dart (safe; 4% risk of failure)
Press: ? - help, Shift-Dir - straight line, f/p - adder
Aim: an adder (severely wounded, 100% to hit)
The magic dart hits the adder.
You kill the adder!
* * * LOW HITPOINT WARNING * * *
You feel sick.
Your Spellcasting skill increases to level 5!
* * * LOW HITPOINT WARNING * * *
You feel sick.
A ball python comes into view.
* * * LOW HITPOINT WARNING * * *
You feel sick.
An adder comes into view.
* * * LOW HITPOINT WARNING * * *
You feel sick.
You are no longer poisoned.
The kobold hits you with a +0 dagger.
You die...

#### # #>.# ## .. ## ## #
#...##. ###.... ... ##.
#.#.....#)#...## .... ... ##.#
#...##.##..## .....
#.##..####..S.#.#...###......
##..#.###......##.##..<.......
#.........#.....K#)#..........
#####.##.##.###@.##.####......
#.........# ##...#.. ......
.###.#.#.....#####..#..( .K...
.....#....##........# .?#
.#### ##..#..########..##S# ##
# #.....## #...# #...
....#....#####..##.##.... P..
#.......#...# #....... P.
#.#..♣..#.##.##..# ###


You could see an adder (wandering), a ball python (wandering) and a kobold.

Vanquished Creatures
  2 adders (D:2)
  6 ball pythons
  A bat (D:2)
  4 endoplasms
  A giant cockroach (D:1)
  5 goblins
  2 hobgoblins (D:1)
  A quokka (D:1)
  3 frilled lizards (D:1)
  3 kobolds
  A rat (D:1)
29 creatures vanquished.

Vanquished Creatures (others)
  7 plants (D:2)
7 creatures vanquished.

Grand Total: 36 creatures vanquished

Notes
Turn   | Place    | Note
-------+----------+-------------------------------------------
     0 | D:1      | siradein the Deep Elf Hedge Wizard began the quest for the
                  | Orb.
     0 | D:1      | Reached XP level 1. HP: 10/10 MP: 7/7
   428 | D:1      | Reached XP level 2. HP: 13/15 MP: 0/9
  1080 | D:1      | Learned a level 2 spell: Call Imp
  1083 | D:1      | Learned a level 2 spell: Blink
  1480 | D:2      | Found a faded altar of an unknown god.
  1547 | D:2      | Reached XP level 3. HP: 15/19 MP: 4/11
  1643 | D:2      | Reached skill level 5 in Spellcasting
  1645 | D:2      | Slain by a kobold

Illustrated notes

Levels and vault maps discovered:
D:1:      dpeg_arrival_radiant, layout_basic, serial_glass, glass_columns_b,
          glass_columns_a
D:2:      layout_rooms, serial_forest, infiniplex_forest_clump_large,
          infiniplex_forest_clump_curved, infiniplex_forest_clump_tiny,
          infiniplex_forest_straight_3, infiniplex_forest_lined_room_3,
          infiniplex_forest_end_2, infiniplex_forest_clump_C,
          ebering_ecumenical_altar_petrified, minmay_vboxes, uniq_terence

Skill      XL: |  1  2  3 |
---------------+----------+-----
Conjurations   | 2 |  2.1
Translocations | 2 |  2.1
Summonings     | 2 |  2.1
Spellcasting   | 5 |  5.0
Dodging        | |  2.4
Stealth        | |  2.4

Action                   || total
-------------------------++-------
Melee: Dagger            ||     7
 Cast: Magic Dart        ||    68
Armor: Robe              ||     8
Dodge: Dodged            ||    25

Table legend: (Time is in decaauts)
 A = Elapsed time spent in this place.
 B = Non-inter-level travel time spent in this place.
 C = Inter-level travel time spent in this place.
 D = Time resting spent in this place.
 E = Time spent auto-exploring this place.
 F = Levels seen in this place.
 G = Mean time per level.
                   A        B        C        D        E       F      G
               +--------+--------+--------+--------+--------+-----+--------+
         Total |   1646 |   1630 |     16 |    153 |   1272 |   2 |  823.0 |
       Dungeon |   1646 |   1630 |     16 |    153 |   1272 |   2 |  823.0 |
               +--------+--------+--------+--------+--------+-----+--------+

Top non-repeatable levels by time:
     D:1: 1392 daAuts
     D:2: 254 daAuts
